 Dungeon Crawl Stone Soup version 0.22-a0-603-gfc1114d (webtiles) character file.

21128 Mamutox the Basher (level 12, -2/126 HPs)
             Began as a Troll Berserker on July 7, 2018.
             Was a High Priest of Trog.
             Killed from afar by a wretched star (29 damage)
             ... with an orb of energy
             ... on level 2 of the Abyss.
             The game lasted 01:08:51 (15942 turns).

Mamutox the Basher (Troll Berserker)               Turns: 15942, Time: 01:08:53

Health: -2/126     AC: 13    Str: 25    XL:     12   Next: 51%
Magic:  11/11      EV: 14    Int:  3    God:    Trog [*****.]
Gold:   1019       SH: 10    Dex: 12    Spells: 11/11 levels left

rFire    . . .     SeeInvis +   L - +3 mace (protect)
rCold    . . .     Gourm    +   Q - +0 shield
rNeg     . . .     Faith    .   K - +1 animal skin
rPois    .         Spirit   .   (helmet restricted)
rElec    .         Reflect  .   k - +0 cloak
rCorr    .         Harm     .   (gloves unavailable)
MR       .....     Rnd*Tele +   (boots unavailable)
Stlth    ++........             (no amulet)
HPRegen  0.71/turn              y - ring of stealth
MPRegen  0.12/turn              H - ring of see invisible

@: protection aura
A: large, unfitting armour, claws 3, [blurry vision 3], [deformed body], fast
metabolism 3, gourmand, regeneration 1, shaggy fur 1, [teleportitis 2], tough
skin 2, [weak 2]
a: Berserk, Trog's Hand, Brothers in Arms, Renounce Religion


You were on level 2 of the Abyss.
You worshipped Trog.
Trog was extremely pleased with you.
You were very full.

You visited 2 branches of the dungeon, and saw 14 of its levels.
You visited the Abyss 1 time.
You also visited: Sewer and Bailey.

You collected 1019 gold pieces.

Inventory:

Hand Weapons
 I - a +0 great mace
 L - a +3 mace of protection (weapon)
Missiles
 b - 11 large rocks
 h - 7 tomahawks (quivered)
 A - 4 poisoned tomahawks
 F - 13 needles of confusion
 N - 5 steel javelins
Armour
 k - a +0 cloak (worn)
 D - +0 ice dragon scales
 K - a +1 animal skin (worn)
 Q - a +0 shield (worn)
 U - a +0 troll leather armour
Jewellery
 y - a ring of stealth (left claw)
 H - a ring of see invisible (right claw)
 J - a +6 ring of dexterity {unknown}
 S - a cursed ring of teleportation {unknown}
Wands
 i - a wand of clouds (4)
 r - a wand of enslavement (36)
 v - a wand of iceblast (12)
 G - a wand of random effects (21)
 M - a wand of polymorph (29)
 O - a wand of flame (23)
Scrolls
 a - a scroll of summoning {unknown}
 e - 3 scrolls of immolation
 f - 4 scrolls of fear {unknown}
 j - 4 scrolls of remove curse
 m - 8 scrolls of teleportation
 p - 3 scrolls of enchant armour
 q - 3 scrolls of blinking {unknown}
 s - 2 scrolls of magic mapping {unknown}
 t - 2 scrolls of noise {unknown}
 B - a scroll of fog {unknown}
 E - a scroll of enchant weapon {unknown}
 R - a scroll of acquirement
Potions
 d - a potion of heal wounds
 g - 3 potions of haste
 l - a potion of resistance
 n - 2 potions of agility {unknown}
 o - 9 potions of curing
 u - 5 potions of magic
 w - 2 potions of flight
 x - 2 potions of invisibility
 z - 4 potions of berserk rage
 C - a potion of might
 P - a potion of cancellation {unknown}
 T - 2 potions of mutation
Comestibles
 c - 23 rations
 V - a chunk of flesh


   Skills:
 - Level 9.8 Fighting
 - Level 10.9 Maces & Flails
 + Level 1.7 Armour
 - Level 9.9 Dodging
 - Level 0.1 Stealth
 + Level 6.1 Shields


You had 11 spell levels left.
You didn't know any spells.
Your spell library was empty.

Dungeon Overview and Level Annotations

Branches:
Dungeon (12/15)            Temple (0/1) D:6            Lair (0/6) D:11
    Orc (2/2) D:12            Elf (0/3) Orc:2

Altars:
Cheibriados
Elyvilon
Gozag
Hepliaklqana
Kikubaaqudgha
Makhleb
Nemelex Xobeh
Okawaru
Qazlal
Ru
Trog
Wu Jian
Yredelemnul
The Shining One

Shops:
Orc:1 [

Annotations:
D:11 exclusion: 2 oklob plants


Innate Abilities, Weirdness & Mutations

You are too large for most types of armour.
You have claws for hands.
Your metabolism is lightning-fast.
You like to eat raw meat.
Your natural rate of healing is unusually fast.
You are covered in fur. (AC +1)
You have very tough skin. (AC +2)
[Scrolls take you much longer to read.]
[Armour fits poorly on your strangely shaped body.]
[You are sometimes teleported next to monsters.]
[You are very weak. (Str -4)]


Message History

You sock the white draconian shifter!
The white draconian shifter is almost dead.
The white draconian shifter blinks!
You recover from your berserk rage.
The wretched star glows turbulently.
The orb of energy hits you!
The orb of energy explodes!
The white draconian shifter points at you and mumbles some strange words.
You blink.
A wretched star comes into view.
The wretched star pulses with an eldritch light!
Your vision blurs.
The wretched star glows turbulently.
The orb of energy hits you!
The wretched star glows turbulently.
The orb of energy hits you!
* * * LOW HITPOINT WARNING * * *
The orb of energy explodes!
The wretched star glows turbulently.
The orb of energy hits you!
You die...

######.#...#
#.#..##.#.# ..
#.#...#..∩..#...
##q#.#..#.#....# # #
#.....§.....###...
.#.# ####.#..#.#..# .
#..######.....#.###
#..#................
#.......@..*...####..#
#...#......#.#..# ##
#.##.....[...###.#
#...........# #.#
###.........## #
#............## ##
#.##.#*.#....# # #.
............#
.....#...#.#...#


You could see 2 wretched stars.

Vanquished Creatures
  Erica (Orc:1)
  A hydra (D:12)
  A centaur warrior (D:12)
  A two-headed ogre (D:8)
  An orc high priest (Bailey)
  An orc knight (Bailey)
  3 cyclopes
  An ugly thing (D:12)
  2 manticores
  A centaur skeleton (D:12)
  A kobold demonologist (Bailey)
  A komodo dragon (D:11)
  A tengu conjurer (D:11)
  A hornet (D:11)
  5 trolls
  A hippogriff (D:7)
  A vampire (D:10)
  11 yaks
  A human (D:9)
  Eustachio (D:4)
  4 hungry ghosts
  Grum (D:8)
  A soldier ant (D:12)
  5 ice beasts
  2 sky beasts
  14 orc warriors
  3 black bears
  A necrophage (D:10)
  A phantom (D:5)
  15 ogres
  8 centaurs
  2 wolves (D:8)
  3 crocodiles
  2 big kobolds (D:7)
  7 bullfrogs
  A gnoll sergeant (D:9)
  4 scorpions
  7 killer bees
  15 wights
  A howler monkey (D:6)
  3 electric eels (Bailey)
  2 crimson imps
  A bullfrog zombie (D:11)
  3 hounds
  A jelly (D:11)
  14 orc wizards
  11 orc priests
  2 bullfrog skeletons
  2 gnoll shamans (D:7)
  2 iguanas
  9 worker ants
  A killer bee zombie (D:8)
  4 hound skeletons
  2 worker ant zombies
  5 adders
  18 gnolls
  5 shadow imps
  A white imp (Abyss:2)
  6 oozes (Sewer)
  An adder skeleton (D:10)
  10 worms
  6 leopard geckos
  53 orcs
  10 bats
  12 giant cockroaches
  22 goblins
  14 hobgoblins
  6 jackals
  7 quokkas
  4 ball pythons
  8 frilled lizards
  A jackal zombie (D:6)
  2 kobolds
  A leopard gecko skeleton (D:8)
  4 rats
387 creatures vanquished.

Vanquished Creatures (collateral kills)
  A tentacled starspawn (Abyss:2)
  The ghost of Hebeh the Basher, a journeyman MiFi of Trog (D:11)
  A chaos spawn (Abyss:2)
  A warg (Orc:2)
  3 orc warriors
  A killer bee (D:9)
  An orc priest (D:7)
  An orc (D:7)
  A starspawn tentacle (Abyss:2)
11 creatures vanquished.

Vanquished Creatures (others)
  6 fungi (D:7)
  5 plants (D:7)
  A starspawn tentacle (Abyss:2)
12 creatures vanquished.

Grand Total: 410 creatures vanquished

Notes
Turn   | Place    | Note
-------+----------+-------------------------------------------
     0 | D:1      | Mamutox the Troll Berserker began the quest for the Orb.
     0 | D:1      | Reached XP level 1. HP: 22/22 MP: 0/0
   239 | D:1      | Reached XP level 2. HP: 20/29 MP: 1/1
   396 | D:1      | Reached skill level 3 in Maces & Flails
   713 | D:2      | Found an iron altar of Okawaru.
   727 | D:2      | Reached XP level 3. HP: 32/36 MP: 2/2
   758 | D:2      | Reached ** piety under Trog
   935 | D:2      | Found an iron altar of Okawaru.
  1268 | D:2      | Reached XP level 4. HP: 44/45 MP: 3/3
  1331 | D:3      | Found a glowing golden altar of the Shining One.
  1489 | D:3      | Found a burning altar of Makhleb.
  1493 | D:3      | Found an opulent altar of Gozag.
  1497 | D:3      | Found a stormy altar of Qazlal.
  1860 | D:3      | Found a glowing drain.
  1864 | Sewer    | Entered a sewer
  1874 | Sewer    | Reached *** piety under Trog
  2426 | Sewer    | Reached XP level 5. HP: 53/53 MP: 4/4
  2428 | Sewer    | Reached skill level 4 in Maces & Flails
  2666 | D:4      | Noticed an ogre
  2671 | D:4      | Killed an ogre
  2782 | D:4      | Found an ornate altar of the Wu Jian Council.
  2823 | D:4      | Reached XP level 6. HP: 52/61 MP: 5/5
  3125 | D:4      | Found a sacrificial altar of Ru.
  3343 | D:4      | Noticed Eustachio
  3370 | D:4      | Killed Eustachio
  3370 | D:4      | Reached skill level 5 in Maces & Flails
  3370 | D:4      | Reached XP level 7. HP: 28/70 MP: 6/6
  3446 | D:4      | Found a basalt altar of Yredelemnul.
  3545 | D:5      | Entered Level 5 of the Dungeon
  3960 | D:5      | Reached skill level 5 in Dodging
  4051 | D:5      | Reached **** piety under Trog
  4051 | D:5      | Reached XP level 8. HP: 79/79 MP: 7/7
  4212 | D:5      | Found a hazy altar of Hepliaklqana.
  4213 | D:5      | Found a snail-covered altar of Cheibriados.
  4219 | D:5      | Reached skill level 6 in Maces & Flails
  4398 | D:5      | Reached skill level 5 in Fighting
  4823 | D:6      | Found a staircase to the Ecumenical Temple.
  5174 | D:6      | Found a sparkling altar of Nemelex Xobeh.
  5835 | D:7      | Reached skill level 7 in Maces & Flails
  5933 | D:6      | Reached XP level 9. HP: 50/89 MP: 8/8
  6877 | D:7      | Reached skill level 8 in Maces & Flails
  6928 | D:7      | Reached ***** piety under Trog
  7111 | D:7      | You fall through a shaft for 3 floors!
  7111 | D:10     | Entered Level 10 of the Dungeon
  7205 | D:10     | HP: 6/139 [something (12)]
  7446 | D:10     | Reached XP level 10. HP: 102/102 MP: 9/9
  8033 | D:8      | Noticed a two-headed ogre
  8038 | D:8      | Killed a two-headed ogre
  8050 | D:8      | Noticed Grum
  8062 | D:8      | Killed Grum
  8235 | D:8      | Found an ancient bone altar of Kikubaaqudgha.
  8325 | D:8      | Reached skill level 9 in Maces & Flails
  8723 | D:9      | Found a white marble altar of Elyvilon.
  9429 | D:10     | Paralysed by fainting for 11 turns
  9586 | D:10     | Noticed a cyclops
  9608 | D:10     | Killed a cyclops
 10524 | D:10     | Received a gift from Trog
 10657 | D:11     | Noticed a manticore
 10663 | D:11     | Killed a manticore
 10663 | D:11     | Reached XP level 11. HP: 113/113 MP: 10/10
 10816 | D:11     | Noticed an oklob plant
 11470 | D:11     | Noticed an oklob plant
 11658 | D:11     | Found a bloodstained altar of Trog.
 11723 | D:11     | Paralysed by a hornet for 2 turns
 11727 | D:11     | Reached skill level 10 in Maces & Flails
 11904 | D:11     | Reached skill level 1 in Shields
 12023 | D:11     | Found a runed door.
 12026 | D:11     | Noticed Hebeh's ghost (journeyman MiFi)
 12046 | D:11     | Killed Hebeh's ghost
 12335 | D:11     | Found a staircase to the Lair.
 12407 | D:12     | Noticed a centaur warrior
 12428 | D:12     | Killed a centaur warrior
 12704 | D:12     | Found a flagged portal.
 12718 | Bailey   | Entered a bailey
 13425 | Bailey   | Found an iron altar of Okawaru.
 13425 | Bailey   | Noticed an orc high priest
 13426 | Bailey   | Noticed a sun demon
 13447 | Bailey   | Killed an orc high priest
 13665 | Bailey   | Noticed an orc knight
 13679 | Bailey   | Killed an orc knight
 13881 | Bailey   | Reached XP level 12. HP: 77/124 MP: 11/11
 14282 | D:12     | Received a gift from Trog
 14431 | D:12     | Found a staircase to the Orcish Mines.
 14660 | D:12     | Noticed a five-headed hydra
 14668 | D:12     | Killed a five-headed hydra
 14668 | D:12     | Reached skill level 5 in Shields
 14890 | Orc:1    | Entered Level 1 of the Orcish Mines
 14909 | Orc:2    | Entered Level 2 of the Orcish Mines
 15174 | Orc:2    | HP: 6/126 [orc warrior/flail[an orc knight] (18)]
 15372 | Orc:1    | Found Xicoa's Armour Shoppe.
 15378 | Orc:1    | Noticed Erica
 15394 | Orc:1    | Killed Erica
 15774 | Orc:2    | Found a staircase to the Elven Halls.
 15821 | Orc:2    | Cast into level 2 of the Abyss (orc knight)
 15903 | Abyss:2  | Noticed a white draconian shifter
 15916 | Abyss:2  | Noticed a tentacled starspawn
 15922 | Abyss:2  | Killed a tentacled starspawn
 15922 | Abyss:2  | Reached skill level 1 in Armour
 15942 | Abyss:2  | Killed from afar by a wretched star

Vault maps used:
D:1:      giann_wishing_wells
D:2:      old_standard_altar, kennysheep_okawaru_gauntlet
D:3:      grunt_temple_overflow_diamond, tso_oasis_becter, first_ration,
          gup_sewer_entry_bowl
D:4:      kennysheep_mini_moat, lemuel_round_altar, nicolae_ru_awakened_eye,
          uniq_eustachio
D:5:      gammafunk_temple_overflow_pools, serial_bayou_pond_c,
          kennysheep_another_room
D:6:      nemelex_xobeh_ov_fountains_minmay, minmay_temple_entry_large_hall,
          minivault_23, item_on_display_a
D:7:      kennysheep_seaside_town
D:8:      kennysheep_little_box, uniq_grum
D:9:      grunt_pizzeria, elyvilon_altar_5
D:11:     dpeg_oklobed_lair, ebering_ghost_inner_flame, lemuel_statue_altar
D:12:     orc_0_dummy, enter_bailey_3, stair_cage_line, dk_noncrumbling_3
Orc:1:    serial_shops, shop, uniq_erica
Orc:2:    st_orc_mages, nicolae_volcano_entry_batcave,
          chequers_guarded_unrand_ignorance, uniq_nessos, uniq_rupert
Sewer:    sewer_fruit_machine
Bailey:   bailey_axe_of_yendor_kennysheep, bailey

Skill      XL: |  1  2  3  4  5  6  7  8  9 10 11 12 |
---------------+-------------------------------------+-----
Maces & Flails | 3 4 5 7 8 9 10 | 10.9
Fighting       | 3 4 5 7 8 9 |  9.8
Dodging        | 3 4 5 6 7 8 9 |  9.9
Shields        | 4 6 |  6.1
Armour         | 1 |  1.7
Stealth        | |  0.1

Action                   |  1- 3 |  4- 6 |  7- 9 | 10-12 || total
-------------------------+-------+-------+-------+-------++-------
Melee: Mace              |   131 |   242 |   470 |   851 ||  1694
       Great mace        |       |       |       |    89 ||    89
Throw: Tomahawk          |       |       |       |     2 ||     2
Invok: Berserk           |     2 |     7 |    21 |    29 ||    59
       Trog's Hand       |       |     1 |     1 |     1 ||     3
       Brothers in Arms  |       |       |     2 |     4 ||     6
  Use: Potion            |       |     3 |     6 |     8 ||    17
       Scroll            |       |     8 |     1 |     7 ||    16
 Stab: Sleeping          |       |     1 |     6 |     9 ||    16
       Distracted        |       |       |       |     1 ||     1
  Eat: Chunk             |    20 |    26 |    62 |   127 ||   235
       Ration            |       |       |       |     3 ||     3
Armor: Animal skin       |    64 |   204 |   115 |   299 ||   682
       Skin              |       |       |    52 |    25 ||    77
Dodge: Dodged            |   108 |   264 |   255 |   577 ||  1204
Block: Shield            |       |       |       |   111 ||   111

Table legend:
 A = Spawn XP
 B = Non-spawn XP
 C = Spawn XP percentage of total XP
 D = Spawn monster count
 E = Non-spawn monster count
 F = Spawn count percentage of total count
 G = Total turns spent on level
                    A         B        C        D         E        F      G
               +---------+---------+-------+---------+---------+-------+---------
         Total |    1308 |   28876 |   4.3 |       3 |     394 |   0.8 | 15942
               +---------+---------+-------+---------+---------+-------+---------
           D:1 |       0 |      23 |   0.0 |       0 |      14 |   0.0 |   654
           D:2 |       0 |      75 |   0.0 |       0 |      23 |   0.0 |   658
           D:3 |       0 |      52 |   0.0 |       0 |      18 |   0.0 |   571
           D:4 |       0 |     560 |   0.0 |       0 |      15 |   0.0 |  1001
           D:5 |       0 |    1120 |   0.0 |       0 |      18 |   0.0 |   890
           D:6 |       0 |     795 |   0.0 |       0 |      22 |   0.0 |  1404
           D:7 |       0 |    2389 |   0.0 |       0 |      44 |   0.0 |  1183
           D:8 |       0 |    1913 |   0.0 |       0 |      20 |   0.0 |   822
           D:9 |       0 |    1022 |   0.0 |       0 |      19 |   0.0 |  1049
          D:10 |       0 |    2726 |   0.0 |       0 |      29 |   0.0 |  1653
          D:11 |       0 |    5667 |   0.0 |       0 |      52 |   0.0 |  1724
          D:12 |       0 |    6894 |   0.0 |       0 |      37 |   0.0 |  1147
         Orc:1 |       0 |    1455 |   0.0 |       0 |       5 |   0.0 |   471
         Orc:2 |       0 |     988 |   0.0 |       0 |       9 |   0.0 |   313
       Abyss:2 |    1308 |       0 | 100.0 |       3 |       0 | 100.0 |   121
         Sewer |       0 |      91 |   0.0 |       0 |      27 |   0.0 |   750
        Bailey |       0 |    3106 |   0.0 |       0 |      42 |   0.0 |  1531
               +---------+---------+-------+---------+---------+-------+---------
